 Dungeon Crawl Stone Soup version 0.31-a0-18-gea43df2a32 (webtiles) character file.

Game seed: 1080290558779934498

274 vineage the Fighter (level 6, -15/58 HPs)
             Began as a Merfolk Gladiator on May 11, 2023.
             Demolished by Sigmund
             ... wielding a +1 scythe of freezing
              (17 damage)
             ... on level 2 of the Dungeon.
             The game lasted 00:01:28 (1050 turns).

vineage the Fighter (Merfolk Gladiator)             Turns: 1050, Time: 00:01:29

Health: -15/58     AC:  4    Str: 16    XL:     6   Next: 24%
Magic:  6/6        EV: 16    Int:  7    God:
Gold:   34         SH:  0    Dex: 16    Spells: 5/5 levels left

rFire   . . .        a - +0 trident
rCold   . . .        (no shield)
rNeg    . . .        b - +0 leather armour
rPois   .            c - +0 helmet
rElec   .            (no cloak)
rCorr   .            (no gloves)
SInv    .            (no boots)
Will    .....        h - amulet of regeneration
Stlth   +            (no ring)
HPRegen 1.09/turn    (no ring)
MPRegen 0.10/turn

%: no passive effects
@: attractive
A: (nimble swimmer 2), mertail
a: no special abilities


You were on level 2 of the Dungeon.
You visited 1 branch of the dungeon, and saw 2 of its levels.

You collected 34 gold pieces.

Inventory:

Hand Weapons
 a - a +0 trident (weapon)
Missiles
 d - 3 throwing nets (quivered)
 e - a javelin
Armour
 b - a +0 leather armour (worn)
 c - a +0 helmet (worn)
Jewellery
 h - an amulet of regeneration (around neck)
Scrolls
 i - a scroll of teleportation


   Skills:
 * Level 9.3 Fighting
 + Level 8.6 Polearms
 - Level 2.0 Throwing
 + Level 4.2 Armour
 + Level 8.6 Dodging


You had 5 spell levels left.
You didn't know any spells.
Your spell library contained the following spells:

 Spells                   Type           Power      Damage    Failure   Level
 Blink                    Tloc           0%         N/A       63%         2
 Lesser Beckoning         Tloc           0%         N/A       63%         2
 Momentum Strike          Conj/Tloc      0%         3d8       63%         2
 Summon Guardian Golem    Hex/Summ       0%         N/A       86%         3
 Orb of Destruction       Conj           0%         9d5       100%        7
 Spellforged Servitor     Conj/Summ      0%         N/A       100%        7


Dungeon Overview and Level Annotations

Branches:
Dungeon (2/15)

Altars:

Annotations:
D:2 Sigmund


Innate Abilities, Weirdness & Mutations

((You are very nimble when in or above water. (Stealth+, EV+, Speed+++)))
Your lower body shifts to a powerful aquatic tail in water.


Message History

It was a potion of curing.
You feel better. Sigmund casts a spell at you.
You are confused.
You're too confused to move!
Sigmund misses you.
You're too confused to move!
Sigmund hits you with a +1 scythe of freezing!
Sigmund freezes you!
* * * LOW HITPOINT WARNING * * *
Sigmund hits you with a +1 scythe of freezing.
* * * LOW HITPOINT WARNING * * *
Sigmund freezes you.
* * * LOW HITPOINT WARNING * * *
It was a potion of experience.
You feel more experienced!
Your Fighting skill gained 5 levels and is now at level 9!
Your Polearms skill gained 4 levels and is now at level 8!
Your Armour skill gained 3 levels and is now at level 4!
Your Dodging skill gained 4 levels and is now at level 8!
You have reached level 6!
You feel better. Sigmund barely misses you.
You closely miss Sigmund.
Sigmund is moderately wounded.
You barely miss Sigmund.
Sigmund is moderately wounded.
Sigmund barely misses you.
You hit Sigmund but do no damage.
Sigmund is moderately wounded.
You barely miss Sigmund.
Sigmund is moderately wounded.
Sigmund gestures wildly while chanting.
Sigmund flickers and vanishes!
Deactivating autopickup; reactivate with Ctrl-A.
You puncture something! Something hits you!
* * * LOW HITPOINT WARNING * * *
Something freezes you.
* * * LOW HITPOINT WARNING * * *
It was a potion of attraction.
You feel attractive to monsters. Something hits you!
You die...

..#..............#
#.#...............
#.#......####.....#
#....#..... ......#
...#####....######
...'....#.........
...####.####...#
..........{..#...
.#.####...@..###.
#......# #......#
#......# #..###.#
#..# .# #..# .# ...
.#


There were no monsters in sight!

Vanquished Creatures
  Natasha (thrice) (D:2)
  2 adders (D:2)
  A dart slug (D:1)
  2 endoplasms (D:1)
  2 giant cockroaches (D:1)
  3 goblins (D:1)
  6 hobgoblins (D:1)
  9 jackals
  3 quokkas (D:1)
  2 ball pythons (D:1)
  4 bats (D:1)
  3 frilled lizards
  A kobold (D:2)
  7 rats
48 creatures vanquished.

Notes
Turn   | Place    | Note
-------+----------+-------------------------------------------
     0 | D:1      | vineage the Merfolk Gladiator began the quest for the Orb.
     0 | D:1      | Reached XP level 1. HP: 16/16 MP: 1/1
    96 | D:1      | Reached XP level 2. HP: 23/23 MP: 2/2
   452 | D:1      | Reached XP level 3. HP: 28/28 MP: 3/3
   581 | D:1      | Reached skill level 3 in Fighting
   892 | D:2      | Noticed Natasha
   895 | D:2      | Killed Natasha
   896 | D:2      | Reached skill level 1 in Armour
   896 | D:2      | Reached XP level 4. HP: 29/35 MP: 4/4
   929 | D:2      | Noticed Natasha
   936 | D:2      | Killed Natasha
   990 | D:2      | Noticed Natasha
   999 | D:2      | Killed Natasha
  1000 | D:2      | Reached XP level 5. HP: 34/42 MP: 5/5
  1028 | D:2      | Noticed Sigmund
  1037 | D:2      | Reached skill level 4 in Fighting
  1042 | D:2      | HP: 1/42 [Sigmund/+1 scythe of freezing (2)]
  1043 | D:2      | Reached skill level 9 in Fighting
  1043 | D:2      | Reached XP level 6. HP: 2/58 MP: 6/6
  1049 | D:2      | HP: 1/58 [something (4)]
  1050 | D:2      | Demolished by Sigmund

Illustrated notes

Levels and vault maps discovered:
D:1:      ldierk_walled_garden, layout_basic,
          wander_ebering_terrifying_dragon_lair
D:2:      layout_basic, skrybe_limestone_x, uniq_sigmund, uniq_natasha

Skill      XL: |  1  2  3  4  5 |
---------------+----------------+-----
Fighting       | 3 9 |  9.3
Armour         | 1 4 |  4.2
Polearms       | 8 |  8.6
Dodging        | 8 |  8.6
Throwing       | |  2.0

Action                     |  1- 3 |  4- 6 || total
---------------------------+-------+-------++-------
  Melee: Trident           |   103 |    50 ||   153
         Punch             |     1 |       ||     1
    Use: Scroll            |     1 |     1 ||     2
         Potion            |       |     4 ||     4
   Stab: Sleeping          |     1 |     1 ||     2
 Armour: Leather armour    |    23 |     8 ||    31
  Dodge: Dodged            |    72 |    34 ||   106

Table legend: (Time is in decaauts)
 A = Elapsed time spent in this place.
 B = Non-inter-level travel time spent in this place.
 C = Inter-level travel time spent in this place.
 D = Time resting spent in this place.
 E = Time spent auto-exploring this place.
 F = Levels seen in this place.
 G = Mean time per level.
                   A        B        C        D        E       F      G
               +--------+--------+--------+--------+--------+-----+--------+
         Total |   1058 |   1030 |     28 |      0 |    741 |   2 |  529.0 |
       Dungeon |   1058 |   1030 |     28 |      0 |    741 |   2 |  529.0 |
               +--------+--------+--------+--------+--------+-----+--------+

Top non-repeatable levels by time:
     D:1: 897 daAuts
     D:2: 160 daAuts
